 Dungeon Crawl Stone Soup version 0.18.1-50-g88ac8fd (webtiles) character file.

5863 nikopol the Cleaver (level 10, -4/90 HPs)
             Began as a Hill Orc Berserker on Oct 21, 2016.
             Was an Elder of Trog.
             Slain by a seven-headed hydra (5 damage)
             ... on level 2 of the Lair of Beasts on Oct 22, 2016.
             The game lasted 00:40:35 (11782 turns).

nikopol the Cleaver (Hill Orc Berserker)           Turns: 11782, Time: 00:40:36

Health: -4/90      AC: 17    Str: 22    XL:     10   Next: 81%
Magic:  10/10      EV: 12    Int:  7    God:    Trog [****..]
Gold:   677        SH:  0    Dex: 12    Spells: 0 memorised, 9 levels left

rFire  . . .     SeeInvis .     a - +2 war axe
rCold  . . .     Gourm    .     x - +0 scale mail
rNeg   . . .     Faith    .     (no shield)
rPois  .         Spirit   .     O - +1 helmet
rElec  .         Dismiss  .     s - +2 cloak
rCorr  .         Reflect  .     p - +2 pair of gloves
SustAt .         Harm     .     (no boots)
MR     .....                    (no amulet)
Stlth  ..........               (no ring)
                                (no ring)

@: not resistant to hostile enchantments, extremely unstealthy
A: no striking features
a: Berserk, Trog's Hand, Brothers in Arms, Burn Spellbooks, Renounce Religion


You were on level 2 of the Lair of Beasts.
You worshipped Trog.
Trog was greatly pleased with you.
You were hungry.

You visited 2 branches of the dungeon, and saw 11 of its levels.

You collected 677 gold pieces.

Inventory:

Hand Weapons
 a - a +2 war axe (weapon)
 z - a +0 shortbow
Missiles
 l - 236 arrows (quivered)
Armour
 p - a +2 pair of gloves (worn)
 s - a +2 cloak (worn)
 x - a +0 scale mail (worn)
 O - a +1 helmet (worn)
Wands
 o - a wand of lightning (11/15)
 Q - a wand of teleportation (4/9)
Scrolls
 b - a scroll of fear {unknown}
 f - 6 scrolls of teleportation {unknown}
 g - a scroll of immolation
 h - 8 scrolls of identify
 j - 8 scrolls of remove curse
 u - a scroll of blinking {unknown}
 A - 2 scrolls of enchant armour
 G - a scroll of recharging {unknown}
 H - 2 scrolls of noise {unknown}
 L - 2 scrolls of random uselessness {unknown}
 N - a scroll of magic mapping {unknown}
Potions
 e - a potion of berserk rage {unknown}
 i - 2 potions of brilliance {unknown}
 k - a potion of ambrosia {unknown}
 m - a potion of degeneration {unknown}
 n - 3 potions of lignification {unknown}
 r - 7 potions of curing {unknown}
 t - 2 potions of heal wounds {unknown}
 v - 5 potions of mutation {unknown}
 w - 4 potions of flight {unknown}
 C - 2 potions of might {unknown}
 K - 2 potions of resistance
Books
 y - a book of Conjurations

   Spells                             Type                      Level
   a - Magic Dart                     Conjuration                  1
   b - Searing Ray                    Conjuration                  2
   c - Dazzling Spray                 Conjuration/Hexes            3
   d - Fulminant Prism                Conjuration/Hexes            4
   e - Iskenderun's Mystic Blast      Conjuration                  4
   f - Iskenderun's Battlesphere      Conjuration/Charms           5
   Trog disapproves of the use of such an item.
Comestibles
 c - 13 bread rations
 d - 7 fruits
 q - 7 meat rations
 B - a slice of pizza
 I - 11 royal jellies


   Skills:
 + Level 8.6 Fighting
 * Level 11.9 Axes
 * Level 6.2 Bows
 + Level 7.4 Armour
 + Level 5.6 Dodging


You had 9 spell levels left.
You didn't know any spells.

Dungeon Overview and Level Annotations

Branches:
Dungeon (9/15)             Temple (0/1) D:4            Lair (2/8) D:9
    Orc: D:9-12

Altars:
Ashenzari
Cheibriados
Elyvilon
Kikubaaqudgha
Makhleb
Nemelex Xobeh
Pakellas
Ru
Vehumet
Yredelemnul

Shops:
D:5 :


Message History

The seven-headed hydra bites you! The seven-headed hydra bites you.
* * * LOW HITPOINT WARNING * * *
The seven-headed hydra barely misses you.
The seven-headed hydra bites you!
* * * LOW HITPOINT WARNING * * *
The seven-headed hydra barely misses you.
The seven-headed hydra bites you.
* * * LOW HITPOINT WARNING * * *
The seven-headed hydra bites you but does no damage.
Wield which item (- for none, * to show all)? (? for menu, Esc to quit)
a - a +2 war axe (weapon)
The seven-headed hydra bites you.
* * * LOW HITPOINT WARNING * * *
The seven-headed hydra bites you.
* * * LOW HITPOINT WARNING * * *
The seven-headed hydra closely misses you.
The seven-headed hydra bites you.
* * * LOW HITPOINT WARNING * * *
The seven-headed hydra bites you.
You die...

##P........#...P.....
..
##............P.....
.#
##............#..P.##
#P...................
##...................
#..................
##.........#.....####
#P...###P............
#....# ##....@.......
##..## #.....D......
#.(# #........%...
#... #........(....
#... ##...###.#(...
#..P #... #..(..
#..## P... #..(.
##... ....


You could see a seven-headed hydra.

Vanquished Creatures
  A black mamba (Lair:1)
  A two-headed ogre (D:9)
  A basilisk (Lair:1)
  4 hippogriffs
  2 water moccasins
  A porcupine (Lair:1)
  Duvessa (D:7)
  3 sky beasts
  4 ice beasts
  An orc warrior (D:7)
  3 black bears
  An eye of draining (D:9)
  3 ogres
  3 centaurs
  A big kobold (D:6)
  A crocodile (Lair:2)
  5 giant frogs
  A wyvern zombie (D:9)
  Dowan (D:7)
  8 jellies
  2 scorpions
  4 killer bees (D:9)
  5 wights (D:8)
  2 howler monkeys
  5 crimson imps
  2 centaur zombies
  A giant frog skeleton (D:6)
  3 centaur skeletons
  3 orc priests
  2 hounds (D:9)
  5 orc wizards
  2 iguanas
  7 worker ants
  A howler monkey zombie (D:5)
  A howler monkey skeleton (D:6)
  16 adders
  6 gnolls
  6 river rats (Lair:2)
  A shadow imp (D:7)
  6 oozes
  2 adder zombies (D:9)
  An adder skeleton (D:5)
  2 worms (D:3)
  A dart slug (D:2)
  3 giant geckos
  26 orcs
  7 giant cockroaches
  5 goblins
  5 hobgoblins
  5 jackals
  13 kobolds
  4 quokkas
  3 ball pythons
  9 bats
  A giant gecko zombie (D:5)
  5 giant newts
  A quokka skeleton (D:6)
  9 rats
  22 fungi
  2 plants (D:9)
252 creatures vanquished.

Notes
Turn   | Place    | Note
--------------------------------------------------------------
     0 | D:1      | nikopol the Hill Orc Berserker began the quest for the Orb.
     0 | D:1      | Reached XP level 1. HP: 19/19 MP: 1/1
   276 | D:1      | Reached XP level 2. HP: 24/27 MP: 2/2
   639 | D:1      | Reached ** piety under Trog
  1124 | D:2      | Reached XP level 3. HP: 33/33 MP: 3/3
  1127 | D:2      | Found a shattered altar of Ashenzari.
  1299 | D:2      | Found a faded altar to an unknown god.
  1923 | D:3      | Reached skill level 5 in Axes
  1936 | D:3      | Reached XP level 4. HP: 40/40 MP: 4/4
  2931 | D:3      | Reached XP level 5. HP: 46/46 MP: 5/5
  3091 | D:4      | Found a staircase to the Ecumenical Temple.
  3935 | D:5      | Entered Level 5 of the Dungeon
  4508 | D:5      | Found a snail-covered altar of Cheibriados.
  4568 | D:5      | Found an ancient bone altar of Kikubaaqudgha.
  4569 | D:5      | Found a white marble altar of Elyvilon.
  4571 | D:5      | Found a sacrificial altar of Ru.
  4572 | D:5      | Found a basalt altar of Yredelemnul.
  4572 | D:5      | Found a sparkling altar of Nemelex Xobeh.
  4573 | D:5      | Found a burning altar of Makhleb.
  4574 | D:5      | Found an oddly glowing altar of Pakellas.
  4592 | D:5      | Reached *** piety under Trog
  4697 | D:5      | Noticed an ogre
  4703 | D:5      | Killed an ogre
  4703 | D:5      | Reached skill level 5 in Fighting
  4703 | D:5      | Reached XP level 6. HP: 56/56 MP: 6/6
  4727 | D:5      | Noticed a sky beast
  4749 | D:5      | Noticed a sky beast
  4759 | D:5      | Killed a sky beast
  4759 | D:5      | Reached skill level 6 in Axes
  4765 | D:5      | Killed a sky beast
  4765 | D:5      | Reached XP level 7. HP: 45/61 MP: 7/7
  4915 | D:5      | Found Miph's Book Emporium.
  5017 | D:5      | Found a radiant altar of Vehumet.
  5783 | D:6      | Reached skill level 1 in Bows
  5799 | D:6      | Reached skill level 7 in Axes
  5825 | D:6      | Reached XP level 8. HP: 61/70 MP: 8/8
  6149 | D:6      | Reached skill level 5 in Armour
  6544 | D:6      | Reached skill level 8 in Axes
  6676 | D:6      | Received a gift from Trog
  6984 | D:7      | Noticed Duvessa
  6984 | D:7      | Noticed Dowan
  7317 | D:7      | Killed Duvessa
  7317 | D:7      | Reached XP level 9. HP: 62/78 MP: 9/9
  7333 | D:7      | Killed Dowan
  7403 | D:7      | Reached skill level 9 in Axes
  7824 | D:7      | You fall through a shaft for 2 floors!
  8591 | D:7      | Reached **** piety under Trog
  8737 | D:7      | Reached skill level 10 in Axes
  9284 | D:8      | Reached skill level 5 in Dodging
  9292 | D:8      | Reached skill level 5 in Bows
  9421 | D:8      | Reached XP level 10. HP: 81/88 MP: 10/10
  9737 | D:9      | Received a gift from Trog
  9885 | D:9      | Found a staircase to the Lair.
 10329 | D:9      | Reached skill level 11 in Axes
 10715 | Lair:1   | Entered Level 1 of the Lair of Beasts
 10827 | Lair:1   | Noticed a black mamba
 10837 | Lair:1   | Killed a black mamba
 11553 | Lair:2   | Reached ***** piety under Trog
 11554 | Lair:2   | Received a gift from Trog
 11773 | Lair:2   | Noticed a seven-headed hydra
 11782 | Lair:2   | HP: 4/90 [seven-headed hydra (2)]
 11782 | Lair:2   | HP: 1/90 [seven-headed hydra (3)]
 11782 | Lair:2   | Slain by a seven-headed hydra

Skill      XL: |  1  2  3  4  5  6  7  8  9 10 |
---------------+-------------------------------+-----
Dodging        | 2 3 4 5 |  5.6
Fighting       | 4 5 6 7 8 |  8.6
Axes           | 5 6 7 8 10 11 | 11.9
Armour         | 3 4 5 6 7 |  7.4
Bows           | 1 3 5 6 |  6.2

Action                   |  1- 3 |  4- 6 |  7- 9 | 10-12 || total
-------------------------+-------+-------+-------+-------++-------
Melee: Hand axe          |   129 |   210 |   287 |       ||   626
       War axe           |       |       |   144 |   205 ||   349
 Fire: Shortbow          |       |       |   164 |   124 ||   288
Invok: Berserk           |       |     2 |     4 |       ||     6
  Use: Scroll            |       |       |     4 |       ||     4
 Stab: Sleeping          |     1 |       |       |       ||     1
  Eat: Chunk             |     3 |    10 |    15 |     7 ||    35
       Fruit             |       |       |     5 |       ||     5
       Pizza             |       |       |     1 |       ||     1
Armor: Animal skin       |    36 |       |       |       ||    36
       Leather armour    |     1 |       |       |       ||     1
       Ring mail         |       |    57 |       |       ||    57
       Scale mail        |       |    52 |   245 |    54 ||   351
Dodge: Dodged            |    97 |    97 |   240 |    81 ||   515
